 Dungeon Crawl Stone Soup version bcrawl-1.38.1 (webtiles) character file.

Game seed: 12280386615266086513

228724 Morbidden the Ducker (level 7, -2/40 HPs)
             Began as a Skeleton Archaeologist on Mar 29, 2023.
             Slain by a crocodile (9 damage)
             ... on level 5 of the Dungeon.
             The game lasted 00:04:53 (3423 turns).

Morbidden the Ducker (Skeleton Archaeologist)       Turns: 3423, Time: 00:04:53

Health: -2/40      AC: 10    Str: 18      XL:     7   Next: 25%
Magic:  0/11       EV: 13    Int: 13 (14) God:
Gold:   181        SH:  0    Dex: 12      Spells: 12/12 levels left

rFire    . . .     GDR:     27% a - +1 dagger (elec)
rCold    + . .     SeeInvis .   (no shield)
rNeg     + + +     Gourm    .   o - +0 ring mail
rPois    ∞         Faith    .   u - +0 helmet (curse)
rElec    .         Spirit   +   (no cloak)
rCorr    .         Reflect  .   c - +0 pair of gloves
MR       +....                  e - +1 pair of boots
Stlth    ++........             (no amulet)
HPRegen  0.16/turn              r - ring of wizardry
MPRegen  0.12/turn              h - ring "Roczysut" {Dex+5 Slay+3}

@: no status effects
A: no food or potions, cold resistance 1, deterioration 1, negative energy
resistance 3, powered by death 1, torment resistance, unbreathing, magic shield,
sturdy frame 1, spell healing
a: no special abilities


You were on level 5 of the Dungeon.
You were not hungry.

You visited 1 branch of the dungeon, and saw 5 of its levels.

You collected 181 gold pieces.

Inventory:

Hand Weapons
 a - a +1 dagger of electrocution (weapon)
 b - a +0 blowgun
 q - a +0 dagger of venom
Missiles
 f - 4 curare-tipped needles
 l - 132 poisoned needles
 p - 2 throwing nets {=f}
 v - 44 poisoned tomahawks (quivered)
Armour
 c - a +0 pair of gloves (worn)
 e - a +1 pair of boots (worn)
 o - a +0 ring mail (worn)
 u - a cursed +0 helmet (worn)
 w - a +2 robe of magic recovery
Jewellery
 d - an uncursed ring of poison resistance {unknown}
 h - the ring "Roczysut" (right hand) {Dex+5 Slay+3}
   (You acquired it on level 3 of the Dungeon)

   [ring of dexterity]

   It affects your dexterity (+5).
   It affects your accuracy and damage with ranged weapons and melee attacks
   (+3).
 r - a ring of wizardry (left hand)
 s - an uncursed ring of resist corrosion {unknown}
Wands
 t - a wand of iceblast (8)
Scrolls
 g - 2 scrolls of magic mapping
 i - 3 scrolls of identify
 j - 2 scrolls of fear {unknown}
 k - 3 scrolls of remove curse {unknown}
 m - 3 scrolls of teleportation {unknown}
 n - a scroll of blinking {unknown}


   Skills:
 * Level 2.8 Fighting
 * Level 3.8 Short Blades
   Level 1.4 Maces & Flails
 * Level 3.3 Armour
 * Level 4.6 Dodging
 + Level 4.3 Stealth
 * Level 3.0 Spellcasting
 * Level 2.1 Evocations


You had 12 spell levels left.
You didn't know any spells.
Your spell library contained the following spells:

 Spells                   Type           Power        Failure   Level  Hunger
 Summon Small Mammal      Summ           #...         12%         1    N/A
 Call Imp                 Summ           #.....       17%         2    N/A
 Call Canine Familiar     Summ           #.......     32%         3    N/A
 Summon Ice Beast         Ice/Summ       #.......     71%         4    N/A
 Summon Lightning Spire   Summ/Air       #.......     96%         5    N/A

Dungeon Overview and Level Annotations

Branches:
Dungeon (5/12)
 Temple: D:4-7

Altars:


Innate Abilities, Weirdness & Mutations

You do not eat or drink.
You are immune to poison.
Your flesh is cold resistant. (rC+)
Your body sometimes deteriorates upon taking damage.
You are immune to negative energy. (rN+++)
You regenerate a little health from kills.
You are immune to unholy pain and torment.
You can survive without breathing.
When hurt, damage is shared between your health and your magic reserves.
Your movements are slightly less encumbered by armour. (ER -2)
Casting spells heals you.


Message History

You are too injured to fight recklessly!
No path to travel!
You closely miss the crocodile.
The crocodile is heavily wounded.
The crocodile bites you!
* * * LOW HITPOINT WARNING * * *
You hit the crocodile.
The crocodile is heavily wounded.
The crocodile bites you.
* * * LOW HITPOINT WARNING * * *
You closely miss the crocodile.
The crocodile is heavily wounded.
You closely miss the crocodile.
The crocodile is heavily wounded.
The crocodile barely misses you.
No path to travel!
You closely miss the crocodile.
The crocodile is heavily wounded.
The crocodile bites you!
You die...

#. .. #. #. .. ..
#. .# # ##+## #.
.#.# ##...##
#.##.#.# ##.....##
#.<....###.......##
##...####....t....#
#.......+..>.@....+
##...####.........#
#...# ##.......##
#...# ##.....##
##)## ##...## #.#
##'## #.# #.# #.#
#.# #.# ##.##


You could see a crocodile.

Vanquished Creatures
  A water moccasin (D:4)
  A phantom (D:5)
  An ogre (D:4)
  An orc priest (D:3)
  An orc wizard (D:4)
  2 bullfrog skeletons
  4 worker ants
  5 adders
  A gnoll (D:2)
  An adder skeleton (D:4)
  3 worms
  3 leopard geckos
  10 orcs
  4 giant cockroaches (D:1)
  3 goblins (D:1)
  9 hobgoblins
  4 kobolds
  4 quokkas
  4 bats (D:1)
  3 frilled lizards (D:2)
  A quokka zombie (D:5)
  7 rats
73 creatures vanquished.

Notes
Turn   | Place    | Note
-------+----------+-------------------------------------------
     0 | D:1      | Morbidden the Skeleton Archaeologist began the quest for
                  | the Orb.
     0 | D:1      | Reached XP level 1. HP: 12/12 MP: 1/1
    94 | D:1      | Reached XP level 2. HP: 16/16 MP: 2/2
   605 | D:1      | Reached XP level 3. HP: 20/20 MP: 1/3
   817 | D:2      | Reached skill level 1 in Armour
  1052 | D:2      | Reached skill level 1 in Short Blades
  1052 | D:2      | Reached skill level 1 in Spellcasting
  1052 | D:2      | Reached XP level 4. HP: 25/26 MP: 3/5
  1227 | D:2      | Reached skill level 1 in Evocations
  2175 | D:3      | Reached XP level 5. HP: 9/30 MP: 3/7
  2175 | D:3      | Identified a scroll of acquirement
  2192 | D:3      | Identified the +1 hat of the Valley of Death {MR+} (You
                  | acquired it on level 3 of the Dungeon)
  2192 | D:3      | Identified the ring "Roczysut" {Dex+5 Slay+3} (You acquired
                  | it on level 3 of the Dungeon)
  2925 | D:4      | Gained mutation: You regenerate a little health from kills.
                  | [Skeleton growth]
  2925 | D:4      | Reached XP level 6. HP: 26/36 MP: 7/9
  3007 | D:4      | Noticed a water moccasin
  3126 | D:4      | Killed a water moccasin
  3241 | D:4      | Reached XP level 7. HP: 40/40 MP: 11/11
  3299 | D:5      | Entered Level 5 of the Dungeon
  3423 | D:5      | Slain by a crocodile

Skill      XL: |  1  2  3  4  5  6  7 |
---------------+----------------------+-----
Armour         | 1 2 3 |  3.3
Stealth        | 4 |  4.3
Short Blades   | 1 2 3 |  3.8
Spellcasting   | 1 2 3 |  3.0
Evocations     | 1 2 |  2.1
Dodging        | 4 |  4.6
Fighting       | 2 |  2.8
Maces & Flails | |  1.4

Action                   |  1- 3 |  4- 6 |  7- 9 || total
-------------------------+-------+-------+-------++-------
Melee: Whip              |    82 |       |       ||    82
       Dagger            |    68 |   141 |    31 ||   240
 Fire: Blowgun           |     7 |     2 |       ||     9
Evoke: Wand              |       |     1 |       ||     1
  Use: Scroll            |     1 |     3 |       ||     4
 Stab: Sleeping          |     2 |     3 |     1 ||     6
Armor: Robe              |    45 |       |       ||    45
       Ring mail         |     5 |    39 |     8 ||    52
Dodge: Dodged            |   105 |    79 |    12 ||   196
